 Dungeon Crawl Stone Soup version 0.29-a0-121-g8efb068a30 (webtiles) character file.

Game seed: 13604374668391583914

2513 Gargoyl the Covered (level 9, -1/55 HPs)
             Began as a Gargoyle Abyssal Knight on Feb 20, 2022.
             Was a Priest of Lugonu.
             Slain by a gnoll (5 damage)
             ... in a bailey.
             The game lasted 00:08:53 (7801 turns).

Gargoyl the Covered (Gargoyle Abyssal Knight)       Turns: 7801, Time: 00:08:54

Health: -1/55      AC: 24    Str: 21    XL:     9   Next: 53%
Magic:  30/31      EV:  8    Int: 11    God:    Lugonu [***...]
Gold:   332        SH:  0    Dex: 10    Spells: 8/8 levels left

rFire   . . .      SeeInvis .   e - +1 dagger (venom)
rCold   . . .      Faith    .   (no shield)
rNeg    + . .      Spirit   .   g - +0 storm dragon scales
rPois   ∞          Reflect  .   c - +0 helmet
rElec   +          Harm     .   t - +0 cloak
rCorr   .          Rampage  .   d - +0 pair of gloves
Will    .....                   j - +0 pair of boots
Stlth   ..........              (no amulet)
HPRegen 0.18/turn               b - ring of magical power
MPRegen 0.22/turn               r - ring of magical power

@: no status effects
A: sickness immunity, AC +6, negative energy resistance 1, electricity
resistance, torment resistance 1, petrification resistance
a: Renounce Religion, Depart the Abyss, Bend Space, Banish


You were in a bailey.
You worshipped Lugonu.
Lugonu was most pleased with you.
You visited 1 branch of the dungeon, and saw 7 of its levels.
You visited the Abyss 1 time.
You also visited: Bailey.

You collected 332 gold pieces.

Inventory:

Hand Weapons
 a - a +2 hand axe
 e - a +1 dagger of venom (weapon)
Missiles
 l - 11 poisoned darts (quivered)
Armour
 c - a +0 helmet (worn)
 d - a +0 pair of gloves (worn)
 g - +0 storm dragon scales (worn)
 j - a +0 pair of boots (worn)
 t - a +0 cloak (worn)
Jewellery
 b - a ring of magical power (left hand)
 r - a ring of magical power (right hand)
Wands
 o - a wand of mindburst (6)
Scrolls
 k - 2 scrolls of blinking
 u - 3 scrolls of noise {unknown}
Potions
 f - 3 potions of curing
 h - 6 potions of lignification
 i - a potion of ambrosia {unknown}
 m - 2 potions of brilliance
 n - 3 potions of heal wounds
 q - a potion of magic {unknown}
 s - a potion of cancellation {unknown}
 v - a potion of might {unknown}
 w - a potion of haste


   Skills:
 + Level 5.6 Fighting
 + Level 6.3 Short Blades
 + Level 3.1 Axes
 + Level 0.5 Throwing
 + Level 7.2 Armour
 + Level 2.4 Dodging
 + Level 1.3 Stealth
 * Level 6.3 Invocations


You had 8 spell levels left.
You didn't know any spells.
Your spell library contained the following spells:

 Spells                   Type           Power      Damage    Failure   Level
 Foxfire                  Conj/Fire      0%         2x1d4     95%         1
 Conjure Flame            Conj/Fire      0%         6-21      100%        3
 Inner Flame              Hex/Fire       0%         N/A       100%        3
 Portal Projectile        Hex/Tloc       0%         N/A       100%        3
 Flame Wave               Conj/Fire      0%         2d4       100%        4
 Blade Hands              Tmut           0%         N/A       100%        5
 Excruciating Wounds      Necr           0%         N/A       100%        5


Dungeon Overview and Level Annotations

Branches:
Dungeon (7/15)             Temple (0/1) D:5          Bailey (1/1)

Altars:
Gozag
Kikubaaqudgha
Qazlal
Wu Jian
Xom
The Shining One

Annotations:
D:4 Sigmund


Innate Abilities, Weirdness & Mutations

You are immune to sickness and miasma.
Your stone body is resilient. (AC +6)
You are immune to poison.
You resist negative energy. (rN+)
You are resistant to electric shocks. (rElec)
You are resistant to unholy torment.
You are immune to petrification.


Message History

The orc knight looks as sick as possible!
The orc knight is moderately wounded.
The orc knight barely misses you.
You closely miss the orc knight.
The orc knight is moderately wounded.
The orc knight hits you but does no damage.
The gnoll barely misses you.
You barely miss the orc knight.
The orc knight is moderately wounded.
The orc knight hits you with a +0 halberd!
You closely miss the orc knight.
The orc knight is moderately wounded.
The orc knight barely misses you. The gnoll hits you but does no damage.
You hit the orc knight but do no damage.
The orc knight looks as sick as possible!
The orc knight is moderately wounded.
The orc knight hits you with a +0 halberd.
The gnoll hits you but does no damage.
The orc knight hits you but does no damage.
The orc knight hits you from afar with a +0 halberd.
The orc knight hits you from afar with a +0 halberd!
* * * LOW HITPOINT WARNING * * *
There is a fountain of blood here.
The orc knight is no longer moving quickly.
The orc knight closely misses you.
There is an open door here.
The orc knight drinks a potion.
The orc knight seems to speed up.
Space bends around you!
You blink.
The gnoll misses you.
As you read the scroll of teleportation, it crumbles to dust.
You feel strangely unstable.
The orc knight hits you but does no damage.
The gnoll closely misses you.
Unknown command.
The orc knight hits you but does no damage.
Space bends around you!
You blink.
Your surroundings seem slightly different.
The orc knight hits you with a +0 halberd.
* * * LOW HITPOINT WARNING * * *
The gnoll hits you from afar with a +2 halberd of draining.
You die...

### ##### #.###)))#
+##'##'###(# #.§.@.##
#.g ###...o.### .!.!
#.'..⌠.g'§# .⌠.!+
###)....### ..!.#
##)....# ..!#
##'##'##'# #+ '##+
#.###.# #.#g# #)# ###
##### ### ###
#)###.###)#)###)###)#


You could see an orc knight (fast, very poisoned) and a gnoll.

Vanquished Creatures
  Pikel (D:5)
  Prince Ribbit (D:6)
  Eustachio (D:5)
  Edmund (D:4)
  A water moccasin (D:4)
  An orc warrior (D:6)
  2 sky beasts (D:5)
  A black bear (D:6)
  3 ogres
  3 scorpions
  A howler monkey (D:6)
  A centaur zombie (D:5)
  A hound (D:5)
  An orc priest (D:6)
  A gnoll shaman (D:6)
  Natasha (D:2)
  2 centaur skeletons
  3 iguanas
  A hound zombie (D:5)
  A mummy (D:5)
  3 howler monkey zombies
  12 gnolls
  A howler monkey skeleton (D:2)
  4 adders
  A shadow imp (D:6)
  3 worms (D:2)
  6 dart slugs
  16 orcs
  8 ball pythons
  A bat (D:2)
  5 endoplasms
  2 giant cockroaches (D:1)
  7 goblins
  5 hobgoblins
  7 jackals (D:1)
  8 quokkas
  A frilled lizard (D:2)
  10 kobolds
  6 rats
134 creatures vanquished.

Vanquished Creatures (collateral kills)
  A dart slug (D:4)
1 creature vanquished.

Grand Total: 135 creatures vanquished

Notes
Turn   | Place    | Note
-------+----------+-------------------------------------------
     0 | Abyss:1  | Gargoyl the Gargoyle Abyssal Knight began the quest for the
                  | Orb.
     0 | Abyss:1  | Reached XP level 1. HP: 14/14 MP: 2/2
     0 | D:1      | Escaped the Abyss
   211 | D:1      | Reached XP level 2. HP: 4/19 MP: 3/3
   519 | D:1      | Reached * piety under Lugonu
   693 | D:1      | Reached skill level 1 in Dodging
  1249 | D:1      | Reached XP level 3. HP: 12/23 MP: 4/4
  2060 | D:2      | Noticed Natasha
  2070 | D:2      | Killed Natasha
  2071 | D:2      | Reached XP level 4. HP: 21/29 MP: 6/6
  2353 | D:2      | Reached skill level 1 in Stealth
  2520 | D:2      | Found an opulent altar of Gozag.
  2855 | D:2      | Reached XP level 5. HP: 33/33 MP: 7/7
  3623 | D:4      | Noticed a water moccasin
  3653 | D:4      | Killed a water moccasin
  3654 | D:4      | Reached skill level 1 in Short Blades
  3654 | D:4      | Reached skill level 3 in Armour
  3654 | D:4      | Reached XP level 6. HP: 22/38 MP: 8/8
  3813 | D:4      | Found a glowing golden altar of the Shining One.
  3908 | D:4      | Found a stormy altar of Qazlal.
  3966 | D:4      | Noticed Sigmund
  3993 | D:4      | Noticed Edmund
  4012 | D:4      | Killed Edmund
  4274 | D:4      | Found an ornate altar of the Wu Jian Council.
  4412 | D:4      | Found a shimmering altar of Xom.
  4427 | D:4      | Reached ** piety under Lugonu
  4648 | D:5      | Entered Level 5 of the Dungeon
  4660 | D:5      | Reached skill level 4 in Armour
  4660 | D:5      | Reached XP level 7. HP: 29/43 MP: 9/9
  4971 | D:5      | Found a staircase to the Ecumenical Temple.
  5022 | D:5      | Noticed Pikel
  5026 | D:5      | Noticed Eustachio
  5056 | D:5      | Killed Pikel
  5057 | D:5      | Reached skill level 5 in Armour
  5057 | D:5      | Reached XP level 8. HP: 44/48 MP: 11/11
  5074 | D:5      | Killed Eustachio
  5075 | D:5      | Reached skill level 5 in Invocations
  5374 | D:5      | Reached skill level 6 in Armour
  5428 | D:5      | Reached skill level 5 in Fighting
  5695 | D:5      | Reached skill level 5 in Short Blades
  6025 | D:6      | Reached XP level 9. HP: 38/54 MP: 13/13
  6165 | D:6      | Found an ancient bone altar of Kikubaaqudgha.
  7236 | D:7      | Found a flagged portal.
  7242 | D:7      | Noticed Prince Ribbit
  7372 | D:6      | Reached skill level 7 in Armour
  7407 | D:6      | Killed Prince Ribbit
  7494 | Bailey   | Entered a bailey
  7681 | Bailey   | Reached *** piety under Lugonu
  7765 | Bailey   | Noticed an orc knight
  7801 | Bailey   | Slain by a gnoll

Illustrated notes

Levels and vault maps discovered:
D:1:      dpeg_arrival_signposts, layout_basic, minmay_misc_feat_diagonals,
          serial_park_tiny_1
D:2:      layout_basic, basic_altar, lemuel_old_faithful, uniq_natasha
D:3:      layout_basic
D:4:      layout_rooms, mainiacjoe_overflow_concentric_impassable,
          nicolae_qazlal_scattered_showers, mainiacjoe_overflow_catch_the_wave,
          uniq_sigmund, uniq_edmund
D:5:      layout_loops_cross, temple_fountains, gup_ossuary_entry_pyramid,
          uniq_eustachio, uniq_pikel
D:6:      layout_basic, lemuel_tele_altar
D:7:      layout_cave_pools, mainiacjoe_overflow_tiny_flanked, enter_bailey_5,
          serial_co_window_serial, co_window_paths_a, co_window_paths_a,
          co_window_corner_a, co_window_corner_a, co_window_paths_a,
          co_window_corner_cb, co_window_broadway_c, co_window_corner_b,
          co_window_of_opportunity_b, co_window_unsneaky_path_b,
          co_window_4corner_a, uniq_harold, uniq_prince_ribbit1, uniq_joseph
Bailey:   bailey_polearm_nasty_gnolls, bailey

Skill      XL: |  1  2  3  4  5  6  7  8  9 |
---------------+----------------------------+-----
Axes           | 2 3 |  3.1
Dodging        | 1 2 |  2.4
Stealth        | 1 |  1.3
Invocations    | 3 4 5 6 |  6.3
Fighting       | 4 5 |  5.6
Short Blades   | 1 2 4 5 6 |  6.3
Armour         | 3 4 5 6 7 |  7.2
Throwing       | |  0.5

Action                   |  1- 3 |  4- 6 |  7- 9 || total
-------------------------+-------+-------+-------++-------
Melee: Hand axe          |    90 |       |       ||    90
       Dagger            |     7 |   185 |   432 ||   624
       Punch             |       |       |     8 ||     8
Throw: Dart              |       |     3 |     7 ||    10
Invok: Depart the Abyss  |     1 |       |       ||     1
       Bend Space        |       |       |     2 ||     2
  Use: Scroll            |     4 |     5 |     4 ||    13
 Stab: Sleeping          |     1 |       |       ||     1
Armor: Skin              |    40 |     2 |       ||    42
       Plate armour      |       |    55 |       ||    55
       Storm dragon scal |       |    50 |   279 ||   329
Dodge: Dodged            |    85 |    47 |   175 ||   307

Table legend: (Time is in decaauts)
 A = Elapsed time spent in this place.
 B = Non-inter-level travel time spent in this place.
 C = Inter-level travel time spent in this place.
 D = Time resting spent in this place.
 E = Time spent auto-exploring this place.
 F = Levels seen in this place.
 G = Mean time per level.
                   A        B        C        D        E       F      G
               +--------+--------+--------+--------+--------+-----+--------+
         Total |   7714 |   7566 |    148 |    281 |   5615 |   9 |  857.1 |
       Dungeon |   7430 |   7282 |    148 |    231 |   5487 |   7 | 1061.4 |
         Abyss |      0 |      0 |      0 |      0 |      0 |   1 |    0.0 |
        Bailey |    283 |    283 |      0 |     50 |    128 |   1 |  283.0 |
               +--------+--------+--------+--------+--------+-----+--------+

Top non-repeatable levels by time:
     D:1: 1938 daAuts
     D:6: 1545 daAuts
     D:5: 1176 daAuts
     D:2: 1074 daAuts
     D:4: 1027 daAuts
     D:3: 628 daAuts
  Bailey: 283 daAuts
     D:7: 38 daAuts
